 Dungeon Crawl Stone Soup version 0.22-a0-407-gb098539 (webtiles) character file.

60 dstrtnsr the Chopper (level 3, 0/51 HPs)
             Began as a Minotaur Berserker on May 9, 2018.
             Was a Follower of Trog.
             Slain by an iguana (14 damage)
             ... on level 4 of the Dungeon.
             The game lasted 00:00:40 (1518 turns).

dstrtnsr the Chopper (Minotaur Berserker)           Turns: 1518, Time: 00:00:41

Health: 0/51       AC:  2    Str: 27    XL:     3   Next: 82%
Magic:  2/2        EV: 12    Int:  4    God:    Trog [*.....]
Gold:   73         SH:  0    Dex:  9    Spells: 2/2 levels left

rFire    . . .     SeeInvis .   a - +0 hand axe
rCold    . . .     Gourm    .   (no shield)
rNeg     . . .     Faith    .   b - +0 animal skin
rPois    .         Spirit   .   (helmet restricted)
rElec    .         Reflect  .   (no cloak)
rCorr    .         Harm     .   (no gloves)
MR       .....                  (no boots)
Stlth    ..........             (no amulet)
HPRegen  0.17/turn              (no ring)
MPRegen  0.08/turn              (no ring)

@: berserking, very quick
A: retaliatory headbutt, horns 2
a: Berserk, Renounce Religion


You were on level 4 of the Dungeon.
You worshipped Trog.
Trog was aware of your devotion.
You were near starving.

You visited 1 branch of the dungeon, and saw 4 of its levels.

You collected 73 gold pieces.

Inventory:

Hand Weapons
 a - a +0 hand axe (weapon)
Armour
 b - a +0 animal skin (worn)
Scrolls
 c - 2 scrolls of remove curse {unknown}
 d - 3 scrolls of identify {unknown}
 f - a scroll of enchant armour {unknown}
 g - a scroll of amnesia {unknown}
Comestibles
 e - 6 rations {!d}


   Skills:
 + Level 4.4 Fighting
 * Level 5.2 Axes
 - Level 2.4 Armour
 - Level 2.1 Dodging


You had 2 spell levels left.
You didn't know any spells.

Dungeon Overview and Level Annotations

Branches:
Dungeon (4/15)
 Temple: D:4-7

Altars:


Innate Abilities, Weirdness & Mutations

You reflexively headbutt those who attack you in melee.
You have a pair of horns on your head.


Message History

This raw flesh tastes terrible.
You now have 31 gold pieces (gained 16).
Key pressed, stopping explore.
c - 2 scrolls labeled ZAUFECVY OMIE (gained 1)
You now have 34 gold pieces (gained 3).
d - 2 scrolls labeled BENGUPR MISO (gained 1)
Found a scale mail.
A leopard gecko comes into view.
Found a stone staircase leading up.
A leopard gecko is nearby!
A leopard gecko is nearby!
A leopard gecko is nearby!
An adder comes into view.
You closely miss the leopard gecko. The leopard gecko bites you.
You miss the leopard gecko.
You kill the leopard gecko!
Trog accepts your kill.
You hit the adder. Your headbutt misses the adder.
The adder is lightly wounded.
The adder bites you.
You are poisoned.
The adder poisons you! The adder bites you.
You closely miss the adder. Your headbutt misses the adder.
The adder is lightly wounded.
You feel sick. The adder closely misses you. You furiously retaliate!
You headbutt the adder! You hit the adder.
You kill the adder!
Trog accepts your kill.
You feel sick.
No target in view!
You feel sick.
You feel sick.
You feel sick.
You feel sick.
You feel sick.
You feel sick.
You are no longer poisoned.
Key pressed, stopping explore.
You now have 52 gold pieces (gained 18).
Found a stone staircase leading down.
e - 5 rations {!d} (gained 1)
There is a stone staircase leading down here.
Found 16 stones.
Found 24 stones.
You now have 61 gold pieces (gained 9).
Found a short sword.
Found a stone staircase leading up.
e - 6 rations {!d} (gained 1)
You now have 73 gold pieces (gained 12).
Key pressed, stopping explore.
No target in view!
No target in view!
No target in view!
No target in view!
No target in view!
No target in view!
You are feeling hungry.
Found a robe.
Found a ring mail.
You see here a ring mail.
g - a scroll labeled ROGEITZEURPH
Found 23 arrows.
d - 3 scrolls labeled BENGUPR MISO (gained 1)
An iguana comes into view.
The iguana hisses angrily.
An iguana is nearby!
An iguana is nearby!
An iguana is nearby!
You see here 23 arrows.
The iguana bites you!
You barely miss the iguana. The iguana misses you.
You barely miss the iguana. Your headbutt misses the iguana.
The iguana barely misses you.
You closely miss the iguana.
You headbutt the iguana, but do no damage.
The iguana bites you.
You barely miss the iguana. The iguana bites you!
* * * LOW HITPOINT WARNING * * *
You are too injured to fight recklessly!
You are too injured to fight recklessly!
You are too injured to fight recklessly!
You are too injured to fight recklessly!
A red film seems to cover your vision as you go berserk!
You feel yourself moving faster!
You feel mighty!
You are near starving!
The iguana barely misses you.
You are too injured to fight recklessly!
You are too injured to fight recklessly!
You are too injured to fight recklessly!
You closely miss the iguana. You headbutt the iguana.
The iguana is moderately wounded.
The iguana completely misses you.
You closely miss the iguana. Your headbutt misses the iguana.
The iguana is moderately wounded.
The iguana closely misses you.
You hit the iguana but do no damage.
The iguana is moderately wounded.
You slash the iguana! Your headbutt misses the iguana.
The iguana is severely wounded.
The iguana bites you!
You die...

..........#
########..###### ##.
#.......# ..
......#####.# #..
##.#..)...... #..
##.##........ #..###
##...#.#####..
#..l.###......# ##<
#...@##.......## ##.#
#...(#.........# #.##
#..............# ##.#
#...##.........#####.
#... ##..............
#... ##.....#######.
..... ##...## #.
###.#. ##### #. #.#.
..


You could see an iguana.

Vanquished Creatures
  3 adders
  An ooze (D:1)
  A leopard gecko (D:4)
  3 orcs (D:3)
  2 bats (D:2)
  3 goblins
  2 hobgoblins
  2 jackals (D:1)
  3 kobolds
  A quokka (D:4)
  A ball python (D:1)
  A frilled lizard (D:3)
  4 rats
27 creatures vanquished.

Notes
Turn   | Place    | Note
-------+----------+-------------------------------------------
     0 | D:1      | dstrtnsr the Minotaur Berserker began the quest for the Orb.
     0 | D:1      | Reached XP level 1. HP: 19/19 MP: 0/0
    31 | D:1      | Reached skill level 4 in Axes
    31 | D:1      | Reached XP level 2. HP: 24/27 MP: 1/1
   404 | D:2      | Reached XP level 3. HP: 18/33 MP: 2/2
   409 | D:2      | HP: 13/33 [poisoned by an adder]
   415 | D:2      | HP: 10/33 [poisoned by an adder]
   422 | D:2      | HP: 8/33 [poisoned by an adder]
   429 | D:2      | HP: 7/33 [poisoned by an adder]
   437 | D:2      | HP: 5/33 [poisoned by an adder]
   823 | D:3      | Reached skill level 5 in Axes
   824 | D:3      | HP: 13/34 [poisoned by an adder]
   829 | D:3      | HP: 12/34 [poisoned by an adder]
   836 | D:3      | HP: 11/34 [poisoned by an adder]
   844 | D:3      | HP: 10/34 [poisoned by an adder]
  1513 | D:4      | HP: 9/34 [iguana (11)]
  1518 | D:4      | Slain by an iguana

Vault maps used:
D:1:      onia_arrival_handbag
D:2:      minmay_tripent
D:3:      first_ration

Skill      XL: |  1  2  3 |
---------------+----------+-----
Axes           | 4 5 |  5.2
Fighting       | 4 |  4.4
Armour         | |  2.4
Dodging        | |  2.1

Action                   || total
-------------------------++-------
Melee: Hand axe          ||    57
       Headbutt          ||    11
Invok: Berserk           ||     1
 Stab: Sleeping          ||     1
  Eat: Chunk             ||     1
Armor: Animal skin       ||     7
Dodge: Dodged            ||    32

Table legend:
 A = Spawn XP
 B = Non-spawn XP
 C = Spawn XP percentage of total XP
 D = Spawn monster count
 E = Non-spawn monster count
 F = Spawn count percentage of total count
 G = Total turns spent on level
                    A         B        C        D         E        F      G
               +---------+---------+-------+---------+---------+-------+---------
         Total |       0 |      87 |   0.0 |       0 |      27 |   0.0 |  1518
               +---------+---------+-------+---------+---------+-------+---------
           D:1 |       0 |      13 |   0.0 |       0 |       5 |   0.0 |    38
           D:2 |       0 |      28 |   0.0 |       0 |      10 |   0.0 |   748
           D:3 |       0 |      28 |   0.0 |       0 |       9 |   0.0 |    93
           D:4 |       0 |      18 |   0.0 |       0 |       3 |   0.0 |   639
               +---------+---------+-------+---------+---------+-------+---------
